[Event "Dutch Meesterklasse 2024-25"]
[Site "Netherlands"]
[Date "2024.10.12"]
[Round "2.3"]
[White "Lodici, Lorenzo"]
[Black "Labruyere, Roger"]
[Result "1-0"]
[ECO "E04"]
[WhiteElo "2575"]
[BlackElo "2286"]
[Annotator "TA"]
[PlyCount "63"]
[EventDate "2024.09.21"]
[EventType "team-tourn"]
[EventCountry "NED"]
[SourceTitle "playchess.com"]
[Source "ChessBase"]
[SourceQuality "1"]
[TimeControl "40/5400+30:1800+30"]

1. d4 Nf6 2. c4 e6 3. g3 d5 4. Nf3 dxc4 5. Bg2 a6 6. O-O Nc6 7. Nc3 Bb4 (7... Rb8 $11) 8. Ne5 $14 O-O 9. Qa4 (9. Nxc4 Qxd4 10. Qb3 Be7 $11) 9... Nxe5 {[%emt 0:07:11] White is slightly better.} 10. Qxb4 ({Better is} 10. dxe5 $14 Bxc3 11. bxc3) 10... a5 (10... Qxd4 $11 {remains equal.} 11. Be3 Qd8) 11. Qb5 $1 $16 Nc6 12. Rd1 Ne8 13. Qxc4 {[%emt 0:02:31] White is much more active. The black rooks are passive.} Nd6 14. Qc5 Bd7 (14... Ne7 $142) 15. d5 b6 16. Qe3 Nb4 17. dxe6 Bxe6 (17... fxe6 $16 {is a better defense.} 18. Rb1 (18. Bxa8 Qxa8 19. Rb1 Qe8 $16) 18... Rc8) 18. Bxa8 $18 Qxa8 19. Qf4 Re8 20. f3 Qc6 {[%emt 0:01:02] Prevents b3} 21. Be3 Nc4 {[%emt 0:02:46] [#]} (21... Nb5 $16) 22. Bd4 $1 Nc2 23. Qg5 Nxd4 24. Rxd4 Nxb2 25. Ne4 (25. Rc1 $18 {aiming for Nd5.} h6 26. Qb5 (26. Nd5 Qxd5 27. Qxd5 Bxd5 $18) 26... Qxb5 27. Nxb5) 25... h6 $16 26. Qc1 (26. Nf6+ $16 Kf8 27. Qd2) 26... Nc4 $14 27. a4 Bd5 {[%emt 0:00:54] [#]} (27... f5 $14 28. Nd2 Ne5 (28... Qc5 29. Qc3 $16)) 28. Qc3 $1 $16 f5 29. Rad1 fxe4 $4 (29... Be6 $16) 30. Rxd5 $18 exf3 31. exf3 Re1+ (31... Ne5 $142 32. Qxc6 Nxc6) 32. Qxe1 {[%emt 0:00:10] Weighted Error Value: White=0.20 (precise) /Black=0.43.  Loses game:     	---       	Black=1      Mistake:       	White=3     	Black=6      OK:         	White=7     	Black=6      Best:        	White=4     	Black=2      Strong:       	White=2     	---} 1-0

[Event "Dutch Meesterklasse 2024-25"]
[Site "Netherlands"]
[Date "2024.10.12"]
[Round "2.3"]
[White "Van Gisbergen, Stan"]
[Black "Mainka, Alwin"]
[Result "1-0"]
[ECO "D85"]
[WhiteElo "2260"]
[BlackElo "2167"]
[Annotator "RC"]
[PlyCount "107"]
[EventDate "2024.09.21"]
[EventType "team-tourn"]
[EventCountry "NED"]
[SourceTitle "playchess.com"]
[Source "ChessBase"]
[SourceQuality "1"]
[TimeControl "40/5400+30:1800+30"]

1. d4 Nf6 2. c4 g6 3. Nc3 d5 4. cxd5 Nxd5 5. e4 Nxc3 6. bxc3 Bg7 7. Qa4+ Nd7 8. Nf3 O-O 9. Be2 c5 10. O-O Qc7 11. Bg5 h6 12. Bh4 Nf6 13. Bd3 Nh5 14. Rfe1 Bd7 15. Qa3 Bg4 16. e5 Bxf3 17. gxf3 Rfd8 18. Rac1 b6 19. Bg3 e6 20. Be4 Rac8 21. Rcd1 a5 22. f4 cxd4 23. cxd4 Bf8 24. Qf3 Bb4 25. Re3 Be7 26. d5 exd5 27. Bxd5 Qc2 28. Red3 Ng7 29. Bb3 Rxd3 30. Rxd3 Qc5 31. Qg4 Kf8 32. Bh4 Nf5 33. Bxe7+ Qxe7 34. Qd1 Rc7 35. Rd8+ Kg7 36. e6 f6 37. Rd7 Rxd7 38. exd7 Nd6 39. Qd5 Qf8 40. a4 h5 41. Qe6 Nb7 42. Qxb6 Nd8 43. Qxa5 Qe7 44. Qd5 Kh6 45. a5 h4 46. h3 Qa3 47. Qg8 Qc1+ 48. Kg2 Qxf4 49. Qd5 f5 50. a6 Qc7 51. Bd1 Qa7 52. Qd6 Qa8+ 53. Bf3 Qa7 54. Qf8+ 1-0

[Event "Dutch Meesterklasse 2024-25"]
[Site "Netherlands"]
[Date "2024.10.12"]
[Round "2.4"]
[White "De Boer, Eelke"]
[Black "Kuipers, Stefan"]
[Result "1/2-1/2"]
[ECO "C41"]
[WhiteElo "2420"]
[BlackElo "2458"]
[Annotator "TA"]
[PlyCount "207"]
[EventDate "2024.09.21"]
[EventType "team-tourn"]
[EventCountry "NED"]
[SourceTitle "playchess.com"]
[Source "ChessBase"]
[SourceQuality "1"]
[TimeControl "40/5400+30:1800+30"]

1. e4 d6 2. d4 Nf6 3. Nc3 e5 4. Nf3 Nbd7 5. Bc4 Be7 6. O-O Nb6 {[%emt 0:04:46] C41: Philidor Defence.} 7. Be2 exd4 8. Nxd4 O-O 9. Bf4 Re8 10. Qd3 Bf8 11. Rad1 Nbd7 $146 ({Predecessor:} 11... c6 12. Rfe1 d5 13. exd5 Nfxd5 14. Nxd5 Nxd5 15. Bg3 Qa5 16. a3 Bg4 17. h3 Bxe2 18. Rxe2 Rxe2 19. Qxe2 {1-0 Muzychuk,A (2460)-Mamedjarova,Z (2332) Stockholm SCT op (Women) 2008 (9)}) 12. Nb3 b6 13. Rfe1 Bb7 14. Bf1 Ne5 15. Qd4 c6 16. a4 h6 17. h3 Qc7 18. Qe3 Rad8 19. Nd4 Qc8 20. Qc1 a6 21. Bg3 c5 22. Nb3 Qa8 23. f3 Bc6 24. Nd2 Qb7 25. Nc4 Nxc4 26. Bxc4 b5 27. axb5 axb5 28. Bd5 Nxd5 29. Nxd5 Re6 30. b3 b4 31. Qf4 Be7 32. Bh4 Bxh4 33. Qxh4 Rde8 34. Ne3 d5 35. Nxd5 Bxd5 36. Rxd5 Qxd5 37. exd5 Rxe1+ 38. Kh2 Rd1 39. Qc4 Rc8 40. c3 bxc3 41. b4 Rd4 42. Qxc3 Rxb4 43. Qe5 Rb7 44. Qf5 Rd8 45. d6 c4 46. Qc5 Rbd7 47. Qxc4 Rxd6 48. Qc7 Rd2 49. h4 h5 50. Kh3 g6 51. Qe7 Rc8 52. Qe5 Rdd8 53. Qe7 Re8 54. Qd7 Rcd8 55. Qc7 Rd1 56. Qc2 Rh1+ 57. Kg3 Rg1 58. Qc5 Ra1 59. Kh3 Ra2 60. Qd5 Rc2 61. Qd3 Rc5 62. Qd7 Ra8 63. Qd2 Rc4 64. Qe2 Raa4 65. Qe8+ Kg7 66. Qe5+ Kh7 67. g3 {[%emt 0:00:15] [#]} Rc8 ({Black should play} 67... Ra7 $1 $17) 68. f4 $1 $15 Ra7 69. f5 Rc2 70. Qf6 Rd2 71. Qe5 Rc2 72. Qf6 $1 Re2 73. fxg6+ fxg6 74. Qf3 Rc2 75. Qf6 Re2 76. Qf3 $1 Re5 77. Qf6 Rf5 78. Qd4 Rb7 79. Kg2 Rc7 80. Qd2 Re7 81. Qc2 Rff7 82. Qd2 Re4 83. Qd3 Rg4 84. Qe3 Rb4 85. Qc3 Re4 86. Qd3 $1 Re6 87. Qd2 Rb6 88. Qc2 Rfb7 89. Qe4 Rb2+ 90. Kh3 Rf7 91. Qe3 Rbf2 92. Qe4 Rb2 93. Qe3 $1 Rbb7 94. Kg2 Rfe7 95. Qd2 Red7 96. Qe3 Re7 97. Qd2 Rb1 98. Qf2 Reb7 99. Kh3 Rh1+ 100. Kg2 Rd1 101. Qe2 Rc1 102. Kh3 Rbc7 103. Qe3 Rd1 104. Qe2 1/2-1/2

[Event "Dutch Meesterklasse 2024-25"]
[Site "Netherlands"]
[Date "2024.10.12"]
[Round "2.5"]
[White "Zwirs, Nico"]
[Black "Van der Hagen, Loek"]
[Result "1/2-1/2"]
[ECO "C55"]
[WhiteElo "2474"]
[BlackElo "2322"]
[Annotator "RC"]
[PlyCount "134"]
[EventDate "2024.09.21"]
[EventType "team-tourn"]
[EventCountry "NED"]
[SourceTitle "playchess.com"]
[Source "ChessBase"]
[SourceQuality "1"]
[TimeControl "40/5400+30:1800+30"]

1. e4 e5 2. Nf3 Nc6 3. Bc4 Nf6 4. d3 h6 5. c3 d6 6. O-O g5 7. a4 Bg7 8. a5 O-O 9. Nbd2 Ne7 10. Re1 Ng6 11. h3 c6 12. Bb3 Re8 13. d4 g4 14. dxe5 dxe5 15. hxg4 Bxg4 16. Nf1 Qc8 17. N1h2 Rd8 18. Qe2 Be6 19. Bxe6 Qxe6 20. Nf1 Qg4 21. Ng3 Nh5 22. Nd4 Qxe2 23. Ndxe2 Nhf4 24. Be3 Bf6 25. Nf5 Kh7 26. Nxf4 exf4 27. Bd4 Be5 28. Rad1 h5 29. f3 f6 30. Kf2 Nf8 31. Bc5 Ne6 32. Be7 Rxd1 33. Rxd1 Rc8 34. Ba3 Rd8 35. Rxd8 Nxd8 36. Ke2 Kg6 37. Kd3 a6 38. Bd6 Ne6 39. b4 Kg5 40. Be7 Nc7 41. Bc5 Ne6 42. Bf2 Kg6 43. Bd4 Bc7 44. Bb6 Be5 45. Bd4 Bc7 46. Kc4 Kg5 47. Bf2 Be5 48. Nd4 Nf8 49. Be1 Bd6 50. Bd2 Kg6 51. Nf5 Be5 52. Ne7+ Kf7 53. Nxc6 bxc6 54. Kc5 Ne6+ 55. Kxc6 Ke7 56. Kb6 Nc7 57. c4 Kd7 58. Kb7 Kd6 59. Be1 Bd4 60. Bd2 Be5 61. Bc1 Kd7 62. Bd2 Kd6 63. Kb6 Kd7 64. Kb7 Kd6 65. Be1 Bd4 66. Bd2 Be5 67. Bc1 Kd7 1/2-1/2

[Event "Dutch Meesterklasse 2024-25"]
[Site "Netherlands"]
[Date "2024.10.12"]
[Round "2.6"]
[White "Hausrath, Daniel"]
[Black "Krudde, Fitzgerald"]
[Result "1/2-1/2"]
[ECO "A30"]
[WhiteElo "2471"]
[BlackElo "2259"]
[Annotator "RC"]
[PlyCount "101"]
[EventDate "2024.09.21"]
[EventType "team-tourn"]
[EventCountry "NED"]
[SourceTitle "playchess.com"]
[Source "ChessBase"]
[SourceQuality "1"]
[TimeControl "40/5400+30:1800+30"]

1. Nf3 Nf6 2. g3 b6 3. Bg2 Bb7 4. O-O e6 5. c4 c5 6. Nc3 Be7 7. d4 cxd4 8. Qxd4 d6 9. Bg5 Nbd7 10. Nb5 d5 11. cxd5 Bxd5 12. Nc3 Bb7 13. Rad1 O-O 14. e4 h6 15. Bf4 Nc5 16. Qe3 Qe8 17. Rd4 Rd8 18. b4 Rxd4 19. Nxd4 e5 20. Bxe5 Ng4 21. Qf4 Nd3 22. Qxg4 Nxe5 23. Qh5 Bxb4 24. Nd5 Bc5 25. Nf5 Qe6 26. Nf4 Qf6 27. Qe2 Rd8 28. Rd1 g6 29. Nxh6+ Kg7 30. Nf5+ Kh7 31. Ne3 Bxe3 32. fxe3 Rxd1+ 33. Qxd1 Qc6 34. Qd2 Qc4 35. Nd5 Ba6 36. h3 Nf3+ 37. Bxf3 Qf1+ 38. Kh2 Qxf3 39. Qg2 Qd1 40. Qf2 Kg8 41. Ne7+ Kg7 42. e5 Qd3 43. h4 Bb7 44. h5 gxh5 45. Nf5+ Kf8 46. Nd6 Bd5 47. e4 Be6 48. Nxf7 Ke8 49. Nd6+ Kd7 50. a4 Qc3 51. Nb5 1/2-1/2

[Event "Dutch Meesterklasse 2024-25"]
[Site "Netherlands"]
[Date "2024.10.12"]
[Round "2.6"]
[White "Slagboom, Leandro"]
[Black "Van Delft, Merijn"]
[Result "1/2-1/2"]
[ECO "E73"]
[WhiteElo "2345"]
[BlackElo "2360"]
[Annotator "TA"]
[PlyCount "34"]
[EventDate "2024.09.21"]
[EventType "team-tourn"]
[EventCountry "NED"]
[SourceTitle "playchess.com"]
[Source "ChessBase"]
[SourceQuality "1"]
[TimeControl "40/5400+30:1800+30"]

1. d4 Nf6 2. c4 g6 3. Nc3 Bg7 4. e4 d6 5. Be2 O-O 6. Be3 c5 {6...Na6 gains popularity.} 7. d5 e6 8. Nf3 Re8 9. Nd2 $1 Bd7 10. a4 (10. O-O $16) 10... Na6 11. O-O e5 $146 (11... Nb4 12. h3 h6 13. Bf4 e5 14. Be3 Nh7 15. Nb5 Qe7 16. Nb3 Rec8 17. Qd2 Ng5 {½-½ Akbas,U (2438)-Ahmadzada,A (2501) Pozarevac Rudar GM 01 2024 (5.1)}) 12. Kh1 h5 13. Bg5 Kh8 $2 {[#]} (13... Qb8 $14) 14. h3 (14. f4 $1 $18) 14... Nb4 {[#]} (14... Qc7 $16) {Optimal for White.} 15. g4 (15. f4 $1 $18) 15... hxg4 16. hxg4 (16. Bxg4 $6 Kh7 $11) 16... Nh7 $2 17. Bh4 $4 {[%emt 0:10:37][%mdl 8192] Crucial path to victory analysis.} (17. Bxd8 $18 Rexd8 18. Re1) 17... Bf6 $2 {[%emt 0:06:50] Decisively advantageous analysis.} (17... Qxh4+ $19 18. Kg2 Qg5) 1/2-1/2

[Event "Dutch Meesterklasse 2024-25"]
[Site "Netherlands"]
[Date "2024.10.12"]
[Round "2.7"]
[White "Rijnaarts, Sjef"]
[Black "Maatman, Nick"]
[Result "0-1"]
[ECO "B66"]
[WhiteElo "2273"]
[BlackElo "2382"]
[Annotator "TA"]
[PlyCount "198"]
[EventDate "2024.09.21"]
[EventType "team-tourn"]
[EventCountry "NED"]
[SourceTitle "playchess.com"]
[Source "ChessBase"]
[SourceQuality "1"]
[TimeControl "40/5400+30:1800+30"]

1. e4 c5 2. Nf3 d6 3. d4 cxd4 4. Nxd4 Nf6 5. Nc3 Nc6 6. Bg5 e6 7. Qd2 Be7 8. O-O-O a6 $1 {[%emt 0:00:12][%mdl 4] is now more promising than 8...0-0.} 9. Kb1 {[%emt 0:01:24] B66: Sicilian: Richter-Rauzer: 7...a6 8 0-0-0 h6.} Nxd4 10. Qxd4 h6 11. Bc1 $146 ({Predecessor:} 11. Be3 Qc7 12. f3 b5 13. Qd2 Bb7 14. h4 h5 15. Bg5 Rc8 16. Bd3 O-O 17. Ne2 {1-0 Dominguez Perez,L (2748)-Praggnanandhaa,R (2749) Saint Louis Rapid 2024 (7)}) 11... Qc7 12. f3 b5 13. a3 Bb7 14. Bxb5+ axb5 15. Nxb5 Qc6 16. Nxd6+ Qxd6 17. Qxd6 Bxd6 18. Rxd6 Ke7 19. Rb6 Ba6 20. b3 Nd7 21. Rb4 g5 22. a4 Rhg8 23. Ba3 Ke8 24. Rd1 e5 25. Rd6 Rg6 26. Rxg6 fxg6 27. c4 Kd8 28. Kc2 Kc7 29. Bc1 g4 30. fxg4 Rf8 31. Be3 Rf1 32. Kd3 Rh1 33. Ke2 Rxh2 34. Kf3 Rh1 35. a5 Ra1 36. Bb6+ Kc6 37. g5 hxg5 38. Bd8 Rf1+ 39. Kg4 Rf4+ 40. Kxg5 Rxe4 41. Kxg6 Rg4+ 42. Kf5 Rxg2 43. Bb6 Ra2 44. Ke4 Ra1 45. Kf5 Rf1+ 46. Ke4 Rf4+ 47. Kd3 Rh4 48. Ke3 Rh3+ 49. Kf2 Rc3 50. Ke1 Rc2 51. Kd1 Ra2 52. Kc1 e4 53. Kb1 Rh2 54. Ba7 Re2 55. Kc1 Ra2 56. Bb6 Rg2 57. Ba7 Re2 58. Kd1 Rg2 59. Kc1 Rg5 60. Bb6 Ne5 61. Kd2 Nd3 62. Ra4 Nc5 63. Bxc5 $4 (63. Rb4 $17 {was the crucial defense.}) 63... Kxc5 $19 64. Ke3 Rg3+ $2 (64... Bb7 $1 $19 {and Black stays clearly on top. White must now prevent ...Bc6.} 65. a6 Rg3+ 66. Kf2 Rf3+ (66... Rxb3 67. axb7 Rxb7 68. Ke3 $11) 67. Ke1 Ba8 68. Ra5+ Kd4) 65. Kxe4 $17 Rxb3 66. Kf4 Rh3 (66... Bxc4 67. Ra1 Ba6 68. Ke4) 67. Ra1 Rc3 68. Ra4 Rc1 69. Ke4 Rh1 (69... Bxc4 70. a6 Bb5 71. Ra3) ({Much weaker is} 69... Rxc4+ 70. Rxc4+ Kxc4 71. Ke5 $11) 70. Ke5 Rh6 (70... Bxc4 $2 71. a6 Re1+ 72. Kf4 $19) 71. Ra1 Bxc4 72. a6 Bxa6 ({Much worse is} 72... Rxa6 73. Rxa6 Bxa6 $11) 73. Rc1+ Bc4 74. Kf5 Rh4 75. Ke5 Rh2 76. Re1 Rh8 77. Rc1 Re8+ 78. Kf4 Kd4 79. Kf5 Rf8+ 80. Kg5 Bd5 81. Re1 Be4 82. Ra1 Ke5 83. Ra5+ Bd5 84. Ra7 Rg8+ 85. Kh6 $2 {[%emt 0:01:01][%mdl 8192] [#]} (85. Kh4 $17) 85... Kf6 $1 86. Kh5 {[%emt 0:00:36] [#]} Kf5 $2 (86... Be6 $1 87. Kh4 Rg4+ 88. Kh5 Rc4 89. Ra6 Rb4 90. Rd6 Rb5+ 91. Kh4 Rb3 92. Rxe6+ Kxe6 93. Kg4 Ke5 94. Kg5 Rg3+ 95. Kh4 Rg1 96. Kh5 Kf4 97. Kh6 Kf5 98. Kh7 Kf6 99. Kh8 Kf7 100. Kh7 Rh1#) 87. Kh4 $17 Kf4 (87... Rg4+ 88. Kh3 Bg2+ 89. Kh2 $17) 88. Kh5 $2 (88. Ra4+ $17 Be4 89. Ra5 Rg2 90. Ra3 Bc2 91. Rc3 Bf5 92. Rc4+ Be4 93. Rc3 Rg4+ 94. Kh3 Rg7 95. Kh2 Rg2+ 96. Kh3 Rd2 97. Rc4 Rd1 98. Rxe4+ Kxe4 99. Kg3 Rd2 100. Kg4 Rg2+ 101. Kh4 Kf4 102. Kh5 Rg4 103. Kh6 Kf5 104. Kh5 Rd4 105. Kh6 Rd7 106. Kh5 Rh7#) 88... Be4 $2 (88... Rh8+ {mates} 89. Kg6 Be4+ 90. Kf6 Rh6+ 91. Ke7 Rh7+ 92. Kd6 Rxa7 93. Kc5 Ke5 94. Kb6 Rh7 95. Kc5 Bd5 96. Kb5 Kd4 97. Kb4 Rb7+ 98. Ka4 Kc3 99. Ka5 Bc4 100. Ka4 Ra7#) 89. Ra6 Rg7 90. Rb6 Ra7 91. Rd6 Rb7 92. Ra6 Bc2 93. Rc6 Bf5 94. Ra6 Be4 95. Rd6 Kf5 96. Kh4 Rg7 97. Ra6 Rg1 98. Kh3 Kf4 99. Ra2 $2 (99. Rf6+ $17 Bf5+ 100. Kh2) 99... Rg8 0-1

[Event "Dutch Meesterklasse 2024-25"]
[Site "Netherlands"]
[Date "2024.10.12"]
[Round "2.7"]
[White "Aravindhan, Achyuth"]
[Black "Hamblok, Roel"]
[Result "0-1"]
[ECO "C03"]
[WhiteElo "2173"]
[BlackElo "2222"]
[Annotator "RC"]
[PlyCount "62"]
[EventDate "2024.09.21"]
[EventType "team-tourn"]
[EventCountry "NED"]
[SourceTitle "playchess.com"]
[Source "ChessBase"]
[SourceQuality "1"]
[TimeControl "40/5400+30:1800+30"]

1. e4 e6 2. d4 d5 3. Nd2 Be7 4. c3 c5 5. dxc5 Nf6 6. exd5 Qxd5 7. Ngf3 Qxc5 8. Bd3 O-O 9. O-O Rd8 10. Qe2 Nbd7 11. Rd1 Qc7 12. Nb3 b6 13. Bg5 Bb7 14. Bc2 Nc5 15. Rxd8+ Rxd8 16. Rd1 Ba6 17. Qe5 Rxd1+ 18. Bxd1 Qd8 19. Bc2 Nd3 20. Bxd3 Bxd3 21. Nbd4 Qc8 22. h3 Ba6 23. Nf5 Bd8 24. Nd6 Qd7 25. Ne4 Bc7 26. Nxf6+ gxf6 27. Qe3 Qd1+ 28. Ne1 fxg5 29. Qxg5+ Kf8 30. Qh6+ Ke8 31. Qe3 Be2 0-1

[Event "Dutch Meesterklasse 2024-25"]
[Site "Netherlands"]
[Date "2024.10.12"]
[Round "2.8"]
[White "Van Foreest, Machteld"]
[Black "Lammens, Tim"]
[Result "1-0"]
[ECO "B13"]
[WhiteElo "2303"]
[BlackElo "2240"]
[Annotator "RC"]
[PlyCount "51"]
[EventDate "2024.09.21"]
[EventType "team-tourn"]
[EventCountry "NED"]
[SourceTitle "playchess.com"]
[Source "ChessBase"]
[SourceQuality "1"]
[TimeControl "40/5400+30:1800+30"]

1. e4 c6 2. d4 d5 3. exd5 cxd5 4. c4 Nf6 5. Nf3 Nc6 6. Nc3 a6 7. h3 dxc4 8. Bxc4 e6 9. O-O Be7 10. a3 O-O 11. d5 exd5 12. Nxd5 Nxd5 13. Bxd5 Bf6 14. Qb3 Na5 15. Qa2 Qb6 16. Ng5 Bxg5 17. Bxg5 Qg6 18. Bd2 Nc6 19. Rfe1 Bxh3 20. Re3 Bg4 21. Rae1 h5 22. Bc3 Rad8 23. Qc4 Kh8 24. Rg3 f5 25. Re6 Qg5 26. f4 1-0

[Event "Dutch Meesterklasse 2024-25"]
[Site "Netherlands"]
[Date "2024.10.12"]
[Round "2.8"]
[White "Gallasch, Jonas"]
[Black "Los, Sander"]
[Result "1-0"]
[ECO "E68"]
[WhiteElo "2298"]
[BlackElo "2283"]
[Annotator "RC"]
[PlyCount "70"]
[EventDate "2024.09.21"]
[EventType "team-tourn"]
[EventCountry "NED"]
[SourceTitle "playchess.com"]
[Source "ChessBase"]
[SourceQuality "1"]
[TimeControl "40/5400+30:1800+30"]

1. d4 g6 2. g3 Bg7 3. Bg2 d6 4. Nf3 Nf6 5. O-O O-O 6. c4 Nbd7 7. Qc2 e5 8. Rd1 exd4 9. Nxd4 Re8 10. Nc3 c6 11. e4 Qe7 12. b3 Nc5 13. f3 Nfd7 14. Bb2 a5 15. Rab1 h5 16. a3 h4 17. b4 axb4 18. axb4 Ne6 19. Nce2 hxg3 20. hxg3 Ne5 21. f4 Ng4 22. Nxe6 Bxe6 23. Bxg7 Kxg7 24. Rd2 Qf6 25. Qd3 Kg8 26. Nd4 Rad8 27. Nxe6 Qxe6 28. Bh3 f5 29. Bxg4 fxg4 30. Re1 Kf7 31. Ree2 Rh8 32. Rh2 Qf6 33. Rxh8 Qxh8 34. e5 Ra8 35. Qxd6 Qh3 1-0

[Event "Dutch Meesterklasse 2024-25"]
[Site "Netherlands"]
[Date "2024.10.12"]
[Round "2.9"]
[White "Van de Oudeweetering, Arthur"]
[Black "Wempe, Joost"]
[Result "1/2-1/2"]
[ECO "B22"]
[WhiteElo "2249"]
[BlackElo "2248"]
[Annotator "RC"]
[PlyCount "124"]
[EventDate "2024.09.21"]
[EventType "team-tourn"]
[EventCountry "NED"]
[SourceTitle "playchess.com"]
[Source "ChessBase"]
[SourceQuality "1"]
[TimeControl "40/5400+30:1800+30"]

1. e4 c5 2. c3 Nf6 3. e5 Nd5 4. Nf3 Nc6 5. Bc4 Nb6 6. Bb3 d5 7. exd6 Qxd6 8. O-O Be6 9. Bxe6 Qxe6 10. a4 Qd7 11. a5 Nd5 12. a6 bxa6 13. Rxa6 e6 14. d4 Be7 15. Qa4 Rc8 16. dxc5 Bxc5 17. Rd1 Qb7 18. Nbd2 Nb6 19. Qb5 O-O 20. Ne4 Rfd8 21. Rxd8+ Rxd8 22. Qe2 Be7 23. Bd2 h6 24. h3 Qd7 25. b4 Qc7 26. b5 Nb8 27. Ra1 N8d7 28. Be3 Nc5 29. Nxc5 Bxc5 30. Bxc5 Qxc5 31. Rxa7 Nd5 32. Rb7 Qc8 33. Ra7 Nxc3 34. Qe5 Qb8 35. Qxb8 Rxb8 36. Nd4 Nxb5 37. Nxb5 Rxb5 38. h4 Rb2 39. g3 h5 40. Kg2 g6 41. Kf3 Kg7 42. Ke3 Kf6 43. Rc7 Ra2 44. Rb7 e5 45. Rc7 Ke6 46. Rb7 Ra3+ 47. Ke2 Ra6 48. Ke3 f6 49. Ke4 f5+ 50. Kf3 f4 51. gxf4 Ra3+ 52. Kg2 exf4 53. Rb5 Kf6 54. Rc5 Rd3 55. Ra5 Ke6 56. Rg5 Kf6 57. Ra5 f3+ 58. Kg3 Rd4 59. Ra3 Rg4+ 60. Kh3 Rf4 61. Kg3 Rg4+ 62. Kh3 Rf4 1/2-1/2

[Event "Dutch Meesterklasse 2024-25"]
[Site "Netherlands"]
[Date "2024.10.12"]
[Round "2.9"]
[White "Theulings, Paul-Peter"]
[Black "Klaska, Philipp Leon"]
[Result "1/2-1/2"]
[ECO "A30"]
[WhiteElo "2049"]
[BlackElo "2281"]
[Annotator "RC"]
[PlyCount "102"]
[EventDate "2024.09.21"]
[EventType "team-tourn"]
[EventCountry "NED"]
[SourceTitle "playchess.com"]
[Source "ChessBase"]
[SourceQuality "1"]
[TimeControl "40/5400+30:1800+30"]

1. Nf3 Nf6 2. c4 b6 3. g3 c5 4. Bg2 Bb7 5. O-O e6 6. Nc3 Be7 7. d4 cxd4 8. Qxd4 O-O 9. Nb5 Nc6 10. Qd1 d5 11. cxd5 Nxd5 12. Nbd4 Nxd4 13. Nxd4 Rc8 14. Bd2 Bf6 15. e3 Bxd4 16. exd4 Qd7 17. Qb3 Nf6 18. Bxb7 Qxb7 19. Rac1 Nd5 20. Qd3 Qe7 21. a3 Rcd8 22. Rfe1 a5 23. Qe4 Qd7 24. Qd3 Rc8 25. Qf1 Rxc1 26. Rxc1 Rc8 27. Rc4 h6 28. Qc1 Rd8 29. a4 Kh7 30. b3 Qe7 31. Be3 Qf6 32. Qc2+ Qg6 33. Qxg6+ Kxg6 34. Kg2 h5 35. Kf3 Kf6 36. h3 Ke7 37. Ke2 Kd7 38. Bd2 f6 39. f3 Rb8 40. Rc1 Rd8 41. Rc4 g5 42. Kf2 Rg8 43. g4 hxg4 44. hxg4 Kd6 45. Rc1 Rh8 46. Kg2 Rh7 47. Rc4 Ra7 48. Kf2 Ne7 49. f4 gxf4 50. Bxf4+ Kd7 51. Rc1 Nd5 1/2-1/2

[Event "Dutch Meesterklasse 2024-25"]
[Site "Netherlands"]
[Date "2024.10.12"]
[Round "2.10"]
[White "Lenaerts, Lennert"]
[Black "Sminia, Jelmer"]
[Result "1-0"]
[ECO "C12"]
[WhiteElo "2297"]
[BlackElo "2135"]
[Annotator "RC"]
[PlyCount "55"]
[EventDate "2024.09.21"]
[EventType "team-tourn"]
[EventCountry "NED"]
[SourceTitle "playchess.com"]
[Source "ChessBase"]
[SourceQuality "1"]
[TimeControl "40/5400+30:1800+30"]

1. e4 e6 2. d4 d5 3. Nc3 Nf6 4. Bg5 Bb4 5. e5 h6 6. Bd2 Bxc3 7. bxc3 Ne4 8. Bc1 c5 9. Ne2 Qa5 10. f3 Ng5 11. h4 Nh7 12. Kf2 Bd7 13. f4 Na6 14. Bd2 Qa4 15. Rh3 Rc8 16. Rc1 f5 17. Be3 O-O 18. Ng1 cxd4 19. cxd4 Nb4 20. Bd3 Qxa2 21. Bd2 Nxd3+ 22. Rxd3 Ba4 23. Bb4 Rf7 24. Ra3 Rxc2+ 25. Ne2 Qc4 26. Rxa4 Rxe2+ 27. Kf3 Qb5 28. Rc5 1-0

[Event "Dutch Meesterklasse 2024-25"]
[Site "Netherlands"]
[Date "2024.10.12"]
[Round "2.10"]
[White "Hummel, Erik-Jan"]
[Black "Van Beek, Lucien"]
[Result "1-0"]
[ECO "B28"]
[WhiteElo "2244"]
[BlackElo "2342"]
[Annotator "RC"]
[PlyCount "153"]
[EventDate "2024.09.21"]
[EventType "team-tourn"]
[EventCountry "NED"]
[SourceTitle "playchess.com"]
[Source "ChessBase"]
[SourceQuality "1"]
[TimeControl "40/5400+30:1800+30"]

1. e4 c5 2. Nf3 a6 3. c4 Nc6 4. d4 cxd4 5. Nxd4 e5 6. Nc2 Bc5 7. Bd3 Nge7 8. O-O d6 9. Nc3 Nd4 10. Ne3 O-O 11. Ned5 Nxd5 12. Nxd5 Qh4 13. Be3 Bg4 14. f3 Be6 15. b4 Ba7 16. Kh1 Bxd5 17. cxd5 Nb5 18. Bxa7 Nxa7 19. Qd2 Qd8 20. a4 Qb6 21. Be2 Rfc8 22. f4 exf4 23. Rxf4 Qc7 24. Raf1 f6 25. Bg4 Qc3 26. Be6+ Kh8 27. Qd1 Rc7 28. Qh5 Qe5 29. Qe2 Nc6 30. Qc4 b5 31. Qc1 Raa7 32. Rf5 Ne7 33. Rxe5 Rxc1 34. Rxc1 fxe5 35. a5 g6 36. Kg1 Kg7 37. Kf2 h6 38. Ke3 g5 39. g3 Rb7 40. h4 gxh4 41. gxh4 h5 42. Rg1+ Kh6 43. Rc1 Kg7 44. Kf3 Ra7 45. Kg3 Rb7 46. Rc3 Ra7 47. Kf2 Rb7 48. Rg3+ Kh6 49. Rc3 Kg7 50. Ke1 Ra7 51. Kd2 Rb7 52. Bh3 Ra7 53. Rg3+ Kh6 54. Rf3 Kg7 55. Rc3 Kh6 56. Bf1 Rd7 57. Be2 Ra7 58. Rf3 Kg7 59. Rg3+ Kh6 60. Rg5 Ra8 61. Rxh5+ Kg7 62. Rg5+ Kf6 63. Rg3 Ng6 64. Rc3 Nxh4 65. Rc6 Ke7 66. Rc7+ Kf6 67. Rd7 Ng6 68. Rxd6+ Kg5 69. Re6 Ra7 70. Ke3 Ra8 71. Bf1 Rf8 72. Bh3 Rh8 73. Bf5 Nh4 74. Rxe5 Ng2+ 75. Kd4 Kf4 76. Re6 Ne3 77. Rxa6 1-0

[Event "Dutch Meesterklasse 2024-25"]
[Site "Netherlands"]
[Date "2024.11.09"]
[Round "3.1"]
[White "De Boer, Eelke"]
[Black "Lombaers, Peter"]
[Result "1-0"]
[ECO "B33"]
[WhiteElo "2421"]
[BlackElo "2363"]
[Annotator "RC"]
[PlyCount "150"]
[EventDate "2024.09.21"]
[EventType "team-tourn"]
[EventCountry "NED"]
[SourceTitle "playchess.com"]
[Source "ChessBase"]
[SourceQuality "1"]
[TimeControl "40/5400+30:1800+30"]

1. e4 c5 2. Nf3 Nc6 3. d4 cxd4 4. Nxd4 Nf6 5. Nc3 e5 6. Ndb5 d6 7. Bg5 a6 8. Na3 b5 9. Nab1 Be7 10. Bxf6 Bxf6 11. a4 b4 12. Nd5 O-O 13. Bc4 Bg5 14. O-O Na5 15. Be2 Rb8 16. Nd2 Kh8 17. Nc4 Nxc4 18. Bxc4 a5 19. b3 Be6 20. Qe2 Qd7 21. Rad1 Bd8 22. c3 Bxd5 23. Rxd5 bxc3 24. Qd3 Qg4 25. f3 Bb6+ 26. Kh1 Qh4 27. Qxc3 f5 28. exf5 Rxf5 29. Rb5 Rff8 30. Qd2 Qh6 31. Qxh6 gxh6 32. Rd1 Bc7 33. Rc1 Rxb5 34. Bxb5 Rf7 35. Rc6 Re7 36. Kg1 d5 37. Rxh6 e4 38. fxe4 dxe4 39. Kf2 Kg7 40. Ra6 e3+ 41. Ke2 Bxh2 42. Rxa5 Kf6 43. Bd3 Bg1 44. Rf5+ Ke6 45. Rh5 Rg7 46. Be4 Kd6 47. Rxh7 Rg4 48. Rd7+ Ke5 49. Bf3 Rb4 50. Rd1 Bf2 51. Bd5 Rb6 52. a5 Rb5 53. a6 Ra5 54. Bc4 Ke4 55. b4 Ra4 56. Bd3+ Kf4 57. Rc1 Ra2+ 58. Kf1 Bh4 59. b5 Bd8 60. Rc2 Ra1+ 61. Ke2 Bb6 62. Bc4 Rg1 63. Bd5 Ke5 64. Bc6 Ra1 65. Bf3 Kd4 66. Bh5 Ba5 67. Bg6 Re1+ 68. Kf3 Rf1+ 69. Kg3 Rf6 70. Bh5 Kd3 71. Ra2 Bc7+ 72. Kh4 Rf2 73. Ra3+ Kd4 74. a7 Bd8+ 75. Kh3 Kd5 1-0